 Dungeon Crawl Stone Soup version 0.31-a0-145-g046c7d2549 (webtiles) character file.

Game seed: 3922443307031731749

229 mopl the Magician (level 6, 0/36 HPs)
             Began as an Octopode Hedge Wizard on June 5, 2023.
             Slain by a scorpion (4 damage)
             ... on level 5 of the Dungeon.
             The game lasted 00:04:29 (3413 turns).

mopl the Magician (Octopode Hedge Wizard)           Turns: 3413, Time: 00:04:29

Health: 0/36       AC:  1    Str:  9    XL:     6   Next: 3%
Magic:  5/11       EV: 13    Int: 19    God:
Gold:   161        SH:  0    Dex: 11    Spells: 1/12 levels left

rFire   . . .        a - +0 dagger
rCold   . . .        (no shield)
rNeg    . . .        b - +0 hat
rPois   .            (no amulet)
rElec   .            (no ring)
rCorr   .            (no ring)
SInv    .            (no ring)
Will    .....        (no ring)
Stlth   +++          (no ring)
HPRegen 0.26/turn    (no ring)
MPRegen 0.12/turn    (no ring)
                     (no ring)

%: no passive effects
@: lethally poisoned (0 -> -10)
A: almost no armour, amphibious, 8 rings, camouflage 1, gelatinous body 1,
(nimble swimmer 1), tentacles
a: no special abilities


You were on level 5 of the Dungeon.
You visited 2 branches of the dungeon, and saw 6 of its levels.

You collected 161 gold pieces.

Inventory:

Hand Weapons
 a - a +0 dagger (weapon)
Armour
 b - a +0 hat (worn)
 s - a +0 tower shield
Wands
 r - a wand of charming (9)
Scrolls
 d - 2 scrolls of enchant armour {unknown}
 e - 3 scrolls of identify {unknown}
 i - 3 scrolls of immolation {unknown}
 j - a scroll of enchant weapon {unknown}
 m - 3 scrolls of magic mapping
 n - a scroll of fear {unknown}
 p - 2 scrolls of fog {unknown}
 q - a scroll of blinking {unknown}
 t - a scroll of poison {unknown}
 u - a scroll of brand weapon {unknown}
Potions
 c - a potion of magic
 f - 2 potions of curing {unknown}
 g - a potion of haste {unknown}
 h - a potion of heal wounds {unknown}
 k - a potion of mutation {unknown}
 l - 2 potions of might {unknown}
 o - a potion of lignification {unknown}


   Skills:
 - Level 2.0 Dodging
 - Level 2.6 Stealth
 + Level 1.0 Shields
 + Level 3.9 Spellcasting
 * Level 3.1 Conjurations
 - Level 1.0 Summonings
 + Level 2.6 Translocations
 + Level 1.4 Air Magic
 + Level 1.8 Poison Magic


You had one spell level left.
You knew the following spells:

 Your Spells              Type           Power      Damage    Failure   Level
a - Magic Dart            Conj           60%        1d6       3%          1
b - Iskenderun's Battles  Conj           15%        2d7       71%         5
c - Mephitic Cloud        Conj/Pois/Air  11%        N/A       17%         3
e - Blink                 Tloc           26%        N/A       7%          2

Your spell library contained the following spells:

 Spells                   Type           Power      Damage    Failure   Level
 Apportation              Tloc           26%        N/A       4%          1
 Summon Small Mammal      Summ           28%        N/A       10%         1
 Necrotise                Necr           12%        1d4       14%         1
 Slow                     Hex            12%        N/A       14%         1
 Call Imp                 Summ           14%        N/A       14%         2
 Cigotuvi's Dreadful Rot  Necr/Pois/Air  14%        N/A       14%         2
 Scorch                   Fire           6%         2d5       22%         2
 Stone Arrow              Conj/Erth      18%        3d8       22%         3
 Flame Wave               Conj/Fire      9%         2d6       58%         4
 Fireball                 Conj/Fire      4%         3d4       90%         5
 Conjure Ball Lightning   Conj/Air       6%         3x3d6     100%        6
 Summon Cactus Giant      Summ           3%         N/A       100%        6
 Orb of Destruction       Conj           7%         9d6       100%        7
 Lehudib's Crystal Spear  Conj/Erth      4%         10d3      100%        8
 Animate Armour           Summ/Erth      Unusable   N/A       N/A         4

Dungeon Overview and Level Annotations

Branches:
Dungeon (5/15)             Temple (1/1) D:4

Altars:
Ashenzari
Dithmenos
Fedhas
Gozag
Hepliaklqana
Kikubaaqudgha
Makhleb
Qazlal
Ru
Sif Muna
Wu Jian
Xom
Yredelemnul
Zin

Annotations:
D:2 1 runed translucent door, Crazy Yiuf
D:4 1 runed translucent door, Armakuni's ghost, amateur DEAr; Dowan


Innate Abilities, Weirdness & Mutations

You cannot wear most types of armour.
You are amphibious.
You can wear up to eight rings at the same time.
Your skin changes colour to match your surroundings (Stealth+).
Your rubbery body absorbs attacks. (AC +1, EV +1)
((You are camouflaged when in or above water. (Stealth+)))
You have tentacles for arms and can constrict up to eight enemies at once.


Message History

Unknown command.
Casting: Magic Dart (safe; 3% risk of failure)
Confirm with . or Enter, or press ? or * to list all spells.
Aiming: Magic Dart (safe; 3% risk of failure)
Press: ? - help, Shift-Dir - straight line, f/p - scorpion
Aim: a scorpion (heavily wounded, constricted by you, 100% to hit)
The magic dart hits the scorpion.
The scorpion is severely wounded.
You constrict the scorpion, but do no damage.
You feel sick. The scorpion barely misses you.
Casting: Magic Dart (safe; 3% risk of failure)
Confirm with . or Enter, or press ? or * to list all spells.
Aiming: Magic Dart (safe; 3% risk of failure)
Press: ? - help, Shift-Dir - straight line, f/p - scorpion
Aim: a scorpion (severely wounded, constricted by you, 100% to hit)
The magic dart hits the scorpion but does no damage.
The scorpion is severely wounded.
You constrict the scorpion, but do no damage.
You feel sick. The scorpion stings you.
Casting: Magic Dart (safe; 3% risk of failure)
Confirm with . or Enter, or press ? or * to list all spells.
Aiming: Magic Dart (safe; 3% risk of failure)
Press: ? - help, Shift-Dir - straight line, f/p - scorpion
Aim: a scorpion (severely wounded, constricted by you, 100% to hit)
The magic dart hits the scorpion but does no damage.
The scorpion is severely wounded.
You constrict the scorpion.
You feel sick. The scorpion misses you.
Unknown command.
Casting: Magic Dart (safe; 3% risk of failure)
Confirm with . or Enter, or press ? or * to list all spells.
Aiming: Magic Dart (safe; 3% risk of failure)
Press: ? - help, Shift-Dir - straight line, f/p - scorpion
Aim: a scorpion (severely wounded, constricted by you, 100% to hit)
The magic dart hits the scorpion but does no damage.
The scorpion is severely wounded.
You constrict the scorpion.
You feel sick. The scorpion stings you.
* * * LOW HITPOINT WARNING * * *
You are lethally poisoned!
The scorpion poisons you! The scorpion stings you.
You die...

.... ## .#####.... #.
..#....## #. ..#......
######.## #.#....#
#.......#####....####.
#..)..................
#.......#......##..!.#
#........###.@...#
#.....<### ###s#..#
#......# .# .#
#......# .. ######..
... ... .##. .... ##
.. ..#. .. ##..##


You could see a scorpion.

Vanquished Creatures
  3 hounds
  3 gnolls
  4 adders
  An ufetubus (D:4)
  2 dart slugs (D:4)
  An orc (D:3)
  7 ball pythons
  4 bats
  12 endoplasms
  A giant cockroach (D:1)
  5 goblins
  7 hobgoblins
  6 kobolds
  A quokka (D:3)
  5 frilled lizards
  6 rats
68 creatures vanquished.

Notes
Turn   | Place    | Note
-------+----------+-------------------------------------------
     0 | D:1      | mopl the Octopode Hedge Wizard began the quest for the Orb.
     0 | D:1      | Reached XP level 1. HP: 11/11 MP: 4/4
    52 | D:1      | Found a hazy altar of Hepliaklqana.
    86 | D:1      | Reached XP level 2. HP: 17/17 MP: 6/6
    89 | D:1      | Learned a level 2 spell: Blink
   336 | D:1      | Reached XP level 3. HP: 17/21 MP: 1/7
   342 | D:1      | Learned a level 3 spell: Mephitic Cloud
   531 | D:2      | Found a blossoming altar of Fedhas.
   807 | D:2      | HP: 1/21 [kobold/+0 short sword (1)]
   847 | D:2      | Reached skill level 2 in Conjurations
   847 | D:2      | Reached skill level 2 in Translocations
   902 | D:2      | Reached XP level 4. HP: 27/27 MP: 7/9
  1203 | D:2      | Found a runed translucent door.
  1204 | D:2      | Noticed Crazy Yiuf
  1678 | D:3      | Identified the +0 hand axe of the Endless Expanse {heavy,
                  | Int+4}
  1843 | D:3      | Found a broken altar of Ashenzari.
  2132 | D:3      | Reached skill level 1 in Poison Magic
  2562 | D:4      | Noticed Dowan
  2775 | D:4      | Found an ornate altar of the Wu Jian Council.
  2899 | D:4      | Reached skill level 1 in Air Magic
  2899 | D:4      | Reached XP level 5. HP: 31/31 MP: 2/10
  2909 | D:4      | Learned a level 5 spell: Iskenderun's Battlesphere
  3021 | D:4      | Found a runed translucent door.
  3047 | D:4      | Found a staircase to the Ecumenical Temple.
  3057 | Temple   | Entered the Ecumenical Temple
  3212 | D:4      | Noticed Armakuni's ghost (amateur DEAr)
  3246 | D:4      | Reached skill level 3 in Conjurations
  3343 | D:5      | Entered Level 5 of the Dungeon
  3351 | D:5      | Reached skill level 1 in Shields
  3351 | D:5      | Reached XP level 6. HP: 25/36 MP: 5/11
  3413 | D:5      | Slain by a scorpion

Illustrated notes

Levels and vault maps discovered:
D:1:      lightli_molten_gateway, layout_basic, minmay_hexomino_r4
D:2:      minmay_diamond_boxcup, layout_basic, basic_altar, minmay_bisected,
          uniq_crazy_yiuf_cottage
D:3:      layout_basic, ashenzari_altar_1, eino_curves_03, st_stairs_4
D:4:      layout_basic, nzn_wu_jian_contemplation, minmay_temple_entry_hall,
          ebering_ghost_reflecting_pool, uniq_duvessa
D:5:      layout_rooms, corexii_checkpoint_a
Temple:   hellmonk_temple_beads

Skill      XL: |  1  2  3  4  5 |
---------------+----------------+-----
Conjurations   | 2 3 |  3.1
Translocations | 2 |  2.6
Poison Magic   | 1 |  1.8
Air Magic      | 1 |  1.4
Shields        | 1 |  1.0
Dodging        | |  2.0
Stealth        | |  2.6
Spellcasting   | |  3.9
Summonings     | |  1.0

Action                     |  1- 3 |  4- 6 || total
---------------------------+-------+-------++-------
  Melee: Dagger            |    47 |    36 ||    83
         Tentacles         |    13 |     7 ||    20
         Constrict         |     7 |     7 ||    14
   Cast: Magic Dart        |    35 |    79 ||   114
         Blink             |     1 |       ||     1
         Mephitic Cloud    |       |     1 ||     1
    Use: Scroll            |       |     1 ||     1
   Stab: Sleeping          |     4 |     5 ||     9
 Armour: Skin              |       |     3 ||     3
  Dodge: Dodged            |    21 |    31 ||    52

Table legend: (Time is in decaauts)
 A = Elapsed time spent in this place.
 B = Non-inter-level travel time spent in this place.
 C = Inter-level travel time spent in this place.
 D = Time resting spent in this place.
 E = Time spent auto-exploring this place.
 F = Levels seen in this place.
 G = Mean time per level.
                   A        B        C        D        E       F      G
               +--------+--------+--------+--------+--------+-----+--------+
         Total |   3412 |   3273 |    139 |    301 |   2486 |   6 |  568.7 |
       Dungeon |   3304 |   3178 |    126 |    301 |   2402 |   5 |  660.8 |
        Temple |    107 |     94 |     13 |      0 |     84 |   1 |  107.0 |
               +--------+--------+--------+--------+--------+-----+--------+

Top non-repeatable levels by time:
     D:2: 1173 daAuts
     D:3: 823 daAuts
     D:4: 754 daAuts
     D:1: 483 daAuts
  Temple: 107 daAuts
     D:5: 69 daAuts
